 Dungeon Crawl Stone Soup version 0.20-a0-854-g0cc194a (webtiles) character file.

2532 Duffy the Destroyer (level 9, 46/46 HPs)
             Began as a Deep Elf Air Elementalist on Mar 11, 2017.
             Was an Initiate of Vehumet.
             Quit the game on level 7 of the Dungeon.
             The game lasted 00:12:01 (9127 turns).

Duffy the Destroyer (Deep Elf Air Elementalist)     Turns: 9127, Time: 00:12:02

Health: 46/46      AC:  5    Str:  5    XL:     9   Next: 30%
Magic:  17/19      EV: 13    Int: 24    God:    Vehumet [......]
Gold:   498        SH:  6    Dex: 19    Spells: 4/19 levels left

rFire    + . .     SeeInvis .   q - +0 dagger (venom)
rCold    + . .     Gourm    .   g - +0 robe
rNeg     . . .     Faith    .   Q - +2 buckler
rPois    .         Spirit   .   z - +0 helmet
rElec    .         Reflect  .   L - +0 cloak
rCorr    .         Harm     .   D - +0 pair of gloves
MR       .....                  (no boots)
Stlth    ++........             (no amulet)
Regen    0.2/turn               r - ring of protection from fire
MPRegen  0.2/turn               d - ring of protection from cold

@: no status effects
A: agile 2, deterioration 1
a: Renounce Religion


You were on level 7 of the Dungeon.
You worshipped Vehumet.
Vehumet was noncommittal.
You were not hungry.

You visited 2 branches of the dungeon, and saw 8 of its levels.

You collected 498 gold pieces.

Inventory:

Hand Weapons
 a - a +0 dagger
 p - a +1 short sword of holy wrath
 q - a +0 dagger of venom (weapon)
 H - the +4 Vampire's Tooth {vamp}
   (You found it on level 4 of the Dungeon)

   It inflicts no extra harm, but heals its wielder when it wounds a living foe.
Armour
 g - a +0 robe (worn)
 v - a +2 shield
 z - a +0 helmet (worn)
 D - a +0 pair of gloves (worn)
 L - a +0 cloak (worn)
 Q - a +2 buckler (worn)
Jewellery
 d - a ring of protection from cold (left hand)
 r - a ring of protection from fire (right hand)
Wands
 J - a wand of digging (15/24)
Scrolls
 o - 2 scrolls of recharging {unknown}
 t - a scroll of fog {unknown}
 w - a scroll of fear {unknown}
 x - 2 scrolls of blinking {unknown}
 y - a scroll of magic mapping {unknown}
 C - 2 scrolls of immolation {unknown}
 E - a scroll of brand weapon {unknown}
 F - a scroll of enchant armour {unknown}
 M - a scroll of torment {unknown}
 O - a scroll of random uselessness {unknown}
 P - a scroll of enchant weapon {unknown}
Potions
 e - a potion of magic
 f - 3 potions of might {unknown}
 h - 2 potions of cancellation {unknown}
 i - 2 potions of degeneration {unknown}
 j - 2 potions of lignification {unknown}
 k - 2 potions of curing {unknown}
 l - 2 potions of resistance {unknown}
 m - 2 potions of agility
 n - 2 potions of haste
 A - a potion of heal wounds
 N - a potion of brilliance
Books
 b - a book of Air

   Spells                             Type                      Level
   a - Shock                          Conjuration/Air              1
   b - Swiftness                      Charms/Air                   2
   c - Static Discharge               Conjuration/Air              3
   d - Airstrike                      Air                          4
   e - Lightning Bolt                 Conjuration/Air              5
 u - a Fen Folio

   Spells                             Type                      Level
   a - Corpse Rot                     Necromancy                   2
   b - Stone Arrow                    Conjuration/Earth            3
   c - Leda's Liquefaction            Hexes/Earth                  4
   d - Summon Forest                  Summoning/Translocation      5
   e - Hydra Form                     Transmutation                6
   f - Summon Hydra                   Summoning                    7
Comestibles
 c - 3 bread rations
 B - a meat ration
 G - 8 fruits
 I - 2 royal jellies


   Skills:
 + Level 0.5 Fighting
 + Level 2.7 Dodging
 - Level 2.4 Stealth
 + Level 0.4 Shields
 - Level 5.5 Spellcasting
 - Level 9.4 Conjurations
 - Level 8.9 Air Magic


You had 4 spell levels left.
You knew the following spells:

 Your Spells              Type           Power        Failure   Level  Hunger
a - Shock                 Conj/Air       ####         1%          1    None
h - Stone Arrow           Conj/Erth      ####..       8%          3    #......
j - Airstrike             Air            #####.....   3%          4    ###....
l - Lightning Bolt        Conj/Air       ######....   10%         5    #####..
W - Swiftness             Chrm/Air       ####....     3%          2    None


Dungeon Overview and Level Annotations

Branches:
Dungeon (7/15)             Temple (1/1) D:6

Altars:
Ashenzari
Dithmenos
Elyvilon
Fedhas
Gozag
Hepliaklqana
Kikubaaqudgha
Makhleb
Nemelex Xobeh
Okawaru
Ru
Trog
Vehumet
Xom
Yredelemnul
Zin
The Shining One


Innate Abilities, Weirdness & Mutations

You are very agile. (Dex +4)
Your body sometimes deteriorates upon taking damage.


Message History

Done exploring.
As you read the scroll of remove curse, it crumbles to dust.
You feel as if something is helping you.
You remove your amulet of inaccuracy.
You drop an uncursed amulet of inaccuracy.
(D) Dungeon (T) Temple
Where to? (Enter - D:6, ? - help)
Things that are here:
a club x2
There is a stone staircase leading down here.
You climb downwards.
Found 10 gold pieces.
There is a stone staircase leading up here.
Okay, then.
It was a potion of mutation.
You feel extremely strange.
Your system completely accepts the healing effects of potions.
You feel more energetic.
Your molten scales disappear.
You feel a little more calm.
Your urge to shout disappears.
You feel yourself wasting away.
You feel agile.
Are you sure you want to abandon this character and quit the game? (Confirm with "yes".)

##..........#
#...........
...........#
...........
..........#
..........#
.$........#
#.....@..#
##......##
##....##
#....## #...#
#.... #...#
#.##


There were no monsters in sight!

Vanquished Creatures
  Edmund (D:5)
  An orc warrior (D:6)
  A black bear (D:4)
  A phantom (D:4)
  2 sky beasts
  5 ogres
  2 centaurs (D:5)
  A big kobold (D:7)
  2 bullfrogs (D:6)
  3 scorpions
  2 vampire bats (D:4)
  3 crimson imps
  A centaur zombie (D:5)
  2 hounds (D:5)
  3 orc priests
  Crazy Yiuf (D:5)
  5 orc wizards
  2 iguanas (D:5)
  10 worker ants
  2 hound skeletons (D:4)
  5 adders
  A shadow imp (D:6)
  An ooze (D:1)
  8 worms
  2 dart slugs (D:1)
  3 leopard geckos
  22 orcs
  A ball python (D:3)
  12 bats
  A bat zombie (D:2)
  4 giant cockroaches
  3 goblins
  11 hobgoblins
  7 jackals
  2 frilled lizards (D:1)
  A jackal skeleton (D:6)
  19 kobolds
  A quokka skeleton (D:4)
  6 rats
  3 rat zombies (D:2)
163 creatures vanquished.

Vanquished Creatures (others)
  A human (D:5)
1 creature vanquished.

Grand Total: 164 creatures vanquished

Notes
Turn   | Place    | Note
-------+----------+-------------------------------------------
     0 | D:1      | Duffy the Deep Elf Air Elementalist began the quest for the Orb.
     0 | D:1      | Reached XP level 1. HP: 10/10 MP: 6/6
   372 | D:1      | Reached XP level 2. HP: 9/15 MP: 1/8
   498 | D:1      | Learned a level 2 spell: Swiftness
   572 | D:1      | Reached skill level 2 in Conjurations
   959 | D:2      | Reached XP level 3. HP: 19/19 MP: 4/10
  1083 | D:2      | Found a glowing golden altar of the Shining One.
  1088 | D:2      | Found a basalt altar of Yredelemnul.
  1101 | D:2      | Noticed a profane servitor
  1109 | D:2      | Noticed an angel
  1322 | D:2      | Found a white marble altar of Elyvilon.
  1678 | D:2      | Reached skill level 3 in Conjurations
  1850 | D:2      | Reached XP level 4. HP: 20/24 MP: 4/12
  1933 | D:2      | Learned a level 4 spell: Airstrike
  1937 | D:2      | Learned a level 3 spell: Stone Arrow
  2078 | D:2      | Found an ancient bone altar of Kikubaaqudgha.
  2524 | D:3      | Reached XP level 5. HP: 28/28 MP: 8/14
  2866 | D:3      | Reached skill level 5 in Spellcasting
  3187 | D:3      | Learned a level 5 spell: Lightning Bolt
  3553 | D:4      | Reached skill level 4 in Conjurations
  3702 | D:4      | Reached XP level 6. HP: 32/32 MP: 4/16
  4119 | D:4      | You fall through a shaft for 3 floors!
  4124 | D:7      | Noticed an orc warrior
  4135 | D:7      | Reached skill level 5 in Conjurations
  4135 | D:7      | Reached skill level 5 in Air Magic
  4243 | D:7      | Reached XP level 7. HP: 36/36 MP: 9/17
  4426 | D:5      | Entered Level 5 of the Dungeon
  4509 | D:5      | Found an opulent altar of Gozag.
  4510 | D:5      | Found a burning altar of Makhleb.
  4745 | D:5      | Reached skill level 6 in Conjurations
  4754 | D:5      | Found a sacrificial altar of Ru.
  5272 | D:4      | Reached XP level 8. HP: 37/41 MP: 12/18
  5468 | D:4      | Reached skill level 7 in Conjurations
  6686 | D:5      | Reached skill level 8 in Conjurations
  6845 | D:5      | Noticed Edmund
  6869 | D:5      | Killed Edmund
  6948 | D:5      | Found an ancient bone altar of Kikubaaqudgha.
  7132 | D:5      | Gained mutation: Your spells are a little harder to cast, but a little more powerful. [mutagenic meat]
  7133 | D:5      | Gained mutation: Potions are less effective at restoring your health. [mutagenic meat]
  7134 | D:5      | Gained mutation: You are partially covered in molten scales. (AC +2) [mutagenic meat]
  7136 | D:5      | Gained mutation: Your magical capacity is low. (-10% MP) [mutagenic meat]
  7137 | D:5      | Gained mutation: You are agile. (Dex +2) [mutagenic meat]
  7478 | D:5      | Found a runed door.
  7482 | D:5      | Noticed Crazy Yiuf
  7485 | D:5      | Killed Crazy Yiuf
  7568 | D:6      | Reached XP level 9. HP: 45/45 MP: 3/17
  7625 | D:5      | Reached skill level 9 in Conjurations
  8318 | D:6      | Found a staircase to the Ecumenical Temple.
  8325 | Temple   | Entered the Ecumenical Temple
  8482 | Temple   | Became a worshipper of Vehumet
  8556 | D:6      | Gained mutation: You tend to lose your temper in combat. [mutagenic meat]
  8557 | D:6      | Lost mutation: Your spells are a little harder to cast, but a little more powerful. [mutagenic meat]
  8560 | D:6      | Gained mutation: You occasionally shout uncontrollably at your foes. [mutagenic meat]
  8688 | D:6      | Found a glowing silver altar of Zin.
  9126 | D:7      | Lost mutation: Potions are less effective at restoring your health. [potion of mutation]
  9126 | D:7      | Lost mutation: Your magical capacity is low. (-10% MP) [potion of mutation]
  9126 | D:7      | Lost mutation: You are partially covered in molten scales. (AC +2) [potion of mutation]
  9126 | D:7      | Lost mutation: You tend to lose your temper in combat. [potion of mutation]
  9126 | D:7      | Lost mutation: You occasionally shout uncontrollably at your foes. [potion of mutation]
  9126 | D:7      | Gained mutation: Your body sometimes deteriorates upon taking damage. [potion of mutation]
  9126 | D:7      | Gained mutation: You are very agile. (Dex +4) [potion of mutation]
  9127 | D:7      | Quit the game

Vault maps used:
D:1:      erik_arrival_cave_to_civilisation
D:2:      lemuel_zombie_altar_kikubaaqudgha, grunt_temple_overflow_holy_war,
          lemuel_doored_altar, hex_tiny
D:3:      minmay_misc_feat_cross
D:4:      minmay_guarded_unrand_vampires_tooth
D:5:      grunt_temple_overflow_open, first_bread, roderic_nine_men_s_morris,
          dk_noncrumbling_2, tgw_kikubaaqudgha, uniq_crazy_yiuf_cottage,
          uniq_edmund
D:6:      cheibrodos_thug_alley, zin_statuary, minmay_temple_entry_hall,
          minivault_22
D:7:      led_sif_book, kennysheep_little_box
Temple:   grunt_temple_mini_profane

Skill      XL: |  1  2  3  4  5  6  7  8  9 |
---------------+----------------------------+-----
Conjurations   | 2 3 4 5 6 8 9 |  9.4
Spellcasting   | 4 5 |  5.5
Air Magic      | 4 5 6 8 |  8.9
Fighting       | |  0.5
Dodging        | |  2.7
Stealth        | |  2.4
Shields        | |  0.4

Action                   |  1- 3 |  4- 6 |  7- 9 || total
-------------------------+-------+-------+-------++-------
Melee: Dagger            |       |     5 |     1 ||     6
 Cast: Shock             |    90 |   118 |   164 ||   372
       Stone Arrow       |       |    12 |    49 ||    61
       Lightning Bolt    |       |       |     4 ||     4
  Use: Scroll            |       |     4 |     4 ||     8
       Potion            |       |       |     1 ||     1
  Eat: Chunk             |     3 |     7 |    25 ||    35
       Bread ration      |       |       |     1 ||     1
Armor: Robe              |     2 |     2 |     9 ||    13
Dodge: Dodged            |    28 |    14 |    41 ||    83
Block: Buckler           |       |       |     2 ||     2
